 Dungeon Crawl Stone Soup version 0.28-a0-1190-g77e1c55843 (webtiles) character file.

Game seed: 12357215219713739034

4237 ChaosChampion the Thaumaturge (level 10, -1/50 HPs)
             Began as a Deep Elf Conjurer on Dec 17, 2021.
             Was a Believer of Vehumet.
             Shot with an arrow by a centaur (9 damage)
             ... on level 8 of the Dungeon on Dec 18, 2021.
             The game lasted 00:14:19 (9548 turns).

ChaosChampion the Thaumaturge (Deep Elf Conjurer)   Turns: 9548, Time: 00:14:20

Health: -1/50      AC:  3    Str:  4    XL:     10   Next: 9%
Magic:  21/28      EV: 12    Int: 28    God:    Vehumet [**....]
Gold:   506        SH:  0    Dex: 13    Spells: 20/34 levels left

rFire   . . .      SeeInvis .   c - staff of cold
rCold   + . .      Faith    .   (no shield)
rNeg    . . .      Spirit   .   B - +2 robe {Will+}
rPois   +          Reflect  .   (no helmet)
rElec   .          Harm     .   g - -2 cloak of Context {rPois}
rCorr   .          Rampage  .   (no gloves)
Will    ++++.                   (no boots)
Stlth   ++........              (no amulet)
HPRegen 0.16/turn               j - ring of willpower
MPRegen 0.21/turn               i - ring of willpower

@: no status effects
A: no striking features
a: Renounce Religion


You were on level 8 of the Dungeon.
You worshipped Vehumet.
Vehumet was pleased with you.
You visited 1 branch of the dungeon, and saw 8 of its levels.

You collected 506 gold pieces.

Inventory:

Hand Weapons
 v - the +7 Singing Sword {vorpal, sonic wave}
   (You found it on level 4 of the Dungeon)

   It inflicts extra damage upon your enemies.
   It radiates damaging sonic waves as it strikes, especially in combat
   involving dangerous or numerous foes.
Missiles
 a - a throwing net
Armour
 g - the -2 cloak of Context (worn) {rPois}
   (You found it on level 4 of the Dungeon)

   rPois:     It protects you from poison.
 B - a +2 robe of willpower (worn)
Magical Staves
 c - a staff of cold (weapon)
Jewellery
 i - a ring of willpower (right hand)
 j - a ring of willpower (left hand)
 q - a ring of flight
Wands
 m - a wand of acid (15)
 C - a wand of mindburst (37)
 D - a wand of paralysis (8)
Scrolls
 d - 5 scrolls of teleportation
 e - a scroll of holy word {unknown}
 o - 2 scrolls of amnesia {unknown}
 s - 4 scrolls of vulnerability {unknown}
 t - a scroll of enchant weapon {unknown}
 x - a scroll of magic mapping {unknown}
 y - 3 scrolls of identify
Potions
 b - 2 potions of invisibility
 f - 4 potions of degeneration
 h - 7 potions of curing
 k - 6 potions of brilliance
 l - a potion of attraction
 n - 2 potions of might {unknown}
 p - 3 potions of magic {unknown}
 r - 3 potions of ambrosia {unknown}
 u - a potion of haste {unknown}
 w - 2 potions of flight {unknown}
 z - 2 potions of cancellation {unknown}
 A - a potion of mutation {unknown}


   Skills:
 - Level 2.4 Dodging
 - Level 2.4 Stealth
 + Level 12.8 Spellcasting
 + Level 11.3 Conjurations
 - Level 6.0 Translocations


You had 20 spell levels left.
You knew the following spells:

 Your Spells              Type           Power      Damage    Failure   Level
a - Magic Dart            Conj           100%       1d8       1%          1
b - Searing Ray           Conj           100%       2d8       1%          2
c - Irradiate             Conj/Tmut      24%        3d22      9%          5
d - Iskenderun's Mystic   Conj/Tloc      61%        2d13      1%          4
z - Blink                 Tloc           100%       N/A       1%          2

Your spell library contained the following spells:

 Spells                   Type           Power      Damage    Failure   Level
 Shock                    Conj/Air       100%       1d9       1%          1
 Dazzling Flash           Conj/Hex       98%        N/A       1%          3
 Lesser Beckoning         Tloc           51%        N/A       1%          3
 Fulminant Prism          Conj/Hex       24%        3d13      3%          4
 Manifold Assault         Tloc           51%        N/A       7%          5
 Blade Hands              Tmut           8%         N/A       63%         5
 Lee's Rapid Deconstruct  Erth           8%         3d8*      63%         5
 Dragon Form              Tmut           8%         N/A       100%        7


Dungeon Overview and Level Annotations

Branches:
Dungeon (8/15)             Temple (0/1) D:5
   Lair: D:8-11

Altars:
Elyvilon
Vehumet

Shops:
D:4 =*=*   D:7 (


Message History

The centaur wields a +0 shortbow.
The centaur shoots an arrow.
The arrow closely misses you.
There are monsters nearby!
Casting: Magic Dart (safe; 1% risk of failure)
Confirm with . or Enter, or press ? or * to list all spells.
Aiming: Magic Dart (safe; 1% risk of failure)
Press: ? - help, Shift-Dir - straight line, f/p - centaur
Aim: a centaur, wielding a +0 shortbow and quivering arrows (lightly wounded, 100% to hit)
The magic dart hits the centaur.
The centaur is moderately wounded.
The centaur shoots an arrow.
The arrow hits you.
Casting: Magic Dart (safe; 1% risk of failure)
Confirm with . or Enter, or press ? or * to list all spells.
Aiming: Searing Ray (safe; 1% risk of failure)
Press: ? - help, Shift-Dir - straight line, f/p - centaur
Aim: a centaur, wielding a +0 shortbow and quivering arrows (moderately wounded, 90% to hit)
The searing ray hits the centaur.
The centaur is severely wounded. (Press . to maintain the ray.)
The centaur shoots an arrow.
The arrow hits you!
The centaur shoots an arrow.
The arrow barely misses you.
The searing ray hits the centaur!
The centaur is almost dead.
Casting: Searing Ray (safe; 1% risk of failure)
Confirm with . or Enter, or press ? or * to list all spells.
Restarting spell: Searing Ray (safe; 1% risk of failure)
Press: ? - help, Shift-Dir - straight line, f/p - centaur
Aim: a centaur, wielding a +0 shortbow and quivering arrows (almost dead, 90% to hit)
The searing ray hits the centaur!
You kill the centaur!
Vehumet accepts your kill. (Press . to maintain the ray.)
The centaur wields a +0 shortbow.
The centaur shoots an arrow.
The arrow hits you!
The centaur shoots an arrow.
The arrow closely misses you.
You hear a shout!
The centaur shoots an arrow.
The arrow hits you!
* * * LOW HITPOINT WARNING * * *
The centaur shoots an arrow.
The arrow hits you!
You die...

.......≈≈≈≈c# .≈≈≈≈≈≈
)<.)).# ≈≈≈c####.≈≈≈≈≈≈
.#....# ≈≈≈≈≈≈..≈≈≈≈≈#
.#....# #≈≈≈≈≈≈≈≈≈≈≈#
###.###......≈≈≈≈≈≈# #
#[# #...........#
#.###..........##
##.##...........#
#..)...........@#######.
##..###..................
.........................
##..###..................
..[[###..................
....##(..########........
.......### #.(......
.....### ##..>.....
....[###########.........


You could see a centaur.

Vanquished Creatures
  Pikel (D:7)
  Maurice (D:8)
  The ghost of BinkBink the Slasher, an amateur MiMo of Makhleb (D:4)
  A hornet (D:8)
  The ghost of anet the Conjurer, an amateur DECj (D:4)
  Eustachio (D:4)
  5 yaks (D:6)
  Duvessa (D:7)
  A water moccasin (D:7)
  An orc warrior (D:5)
  A black bear (D:5)
  A necrophage (D:5)
  An ogre (D:4)
  A centaur (D:8)
  A phantom (D:4)
  4 lemures
  Blork the orc (D:4)
  A bullfrog (D:6)
  A gnoll sergeant (D:8)
  3 scorpions
  A water moccasin skeleton (D:4)
  Dowan (D:7)
  3 jellies
  A centaur zombie (D:5)
  A bullfrog zombie (D:6)
  A centaur skeleton (D:6)
  2 gnoll shamans
  2 orc priests
  A hound (D:6)
  3 iguanas
  Jessica (D:2)
  Ijyb (D:3)
  Natasha (D:3)
  An orc wizard (D:8)
  A howler monkey zombie (D:8)
  Robin (D:2)
  7 adders
  13 gnolls
  An ufetubus (D:5)
  A dart slug (D:1)
  2 worms (D:2)
  28 orcs
  7 ball pythons
  A bat (D:1)
  5 endoplasms
  17 goblins
  9 hobgoblins
  8 jackals
  2 quokkas (D:3)
  3 frilled lizards (D:2)
  10 kobolds
  7 rats
172 creatures vanquished.

Vanquished Creatures (others)
  10 plants (D:2)
  6 withered plants (D:4)
16 creatures vanquished.

Grand Total: 188 creatures vanquished

Notes
Turn   | Place    | Note
-------+----------+-------------------------------------------
     0 | D:1      | ChaosChampion the Deep Elf Conjurer began the quest for the
                  | Orb.
     0 | D:1      | Reached XP level 1. HP: 10/10 MP: 6/6
   205 | D:1      | Reached XP level 2. HP: 15/15 MP: 1/8
   622 | D:1      | Found a faded altar of an unknown god.
   626 | D:1      | Learned a level 2 spell: Searing Ray
   839 | D:2      | Found a white marble altar of Elyvilon.
  1045 | D:2      | Reached skill level 4 in Spellcasting
  1167 | D:2      | Noticed Jessica
  1170 | D:2      | Killed Jessica
  1171 | D:2      | Reached skill level 5 in Conjurations
  1171 | D:2      | Reached XP level 3. HP: 19/19 MP: 5/10
  1405 | D:2      | Reached XP level 4. HP: 24/24 MP: 9/12
  1693 | D:2      | Noticed Robin
  1695 | D:2      | Reached skill level 5 in Spellcasting
  1948 | D:2      | Killed Robin
  1955 | D:2      | Learned a level 4 spell: Iskenderun's Mystic Blast
  2307 | D:3      | Noticed Natasha
  2311 | D:3      | Killed Natasha
  2312 | D:3      | Reached skill level 1 in Translocations
  2312 | D:3      | Reached XP level 5. HP: 28/28 MP: 9/14
  2625 | D:3      | Noticed Ijyb
  2633 | D:3      | Killed Ijyb
  3278 | D:4      | Noticed Eustachio
  3287 | D:4      | Killed Eustachio
  3288 | D:4      | Reached skill level 6 in Spellcasting
  3288 | D:4      | Reached XP level 6. HP: 32/32 MP: 4/17
  3411 | D:4      | Identified the -2 cloak of Context {rPois}
  3643 | D:4      | Reached skill level 7 in Spellcasting
  3734 | D:4      | Found Feohieff's General Store.
  3734 | D:4      | Found Zysyurui's Jewellery Emporium.
  3737 | D:4      | Found Maelol's Assorted Antiques.
  3741 | D:4      | Found Dinudov's Jewellery Emporium.
  3798 | D:4      | Found a runed translucent gate.
  3800 | D:4      | Found a runed translucent gate.
  3801 | D:4      | Found a runed translucent gate.
  3802 | D:4      | Noticed BinkBink's ghost (amateur MiMo)
  3802 | D:4      | Noticed anet's ghost (amateur DECj)
  3959 | D:4      | Reached XP level 7. HP: 33/36 MP: 8/19
  4202 | D:4      | Found a radiant altar of Vehumet.
  4208 | D:4      | Became a worshipper of Vehumet
  4257 | D:4      | Found the +7 Singing Sword {vorpal, sonic wave}
  4260 | D:4      | Noticed Blork the orc
  4266 | D:4      | Killed Blork the orc
  4267 | D:4      | Reached skill level 8 in Spellcasting
  4387 | D:4      | Learned a level 5 spell: Irradiate
  4499 | D:4      | Killed BinkBink's ghost
  4500 | D:4      | Killed anet's ghost
  4501 | D:4      | Reached XP level 8. HP: 10/41 MP: 1/22
  4888 | D:5      | Entered Level 5 of the Dungeon
  4907 | D:5      | Reached skill level 9 in Spellcasting
  5336 | D:5      | Found a staircase to the Ecumenical Temple.
  5351 | D:5      | Reached skill level 5 in Translocations
  6078 | D:6      | Reached skill level 10 in Spellcasting
  6081 | D:6      | Reached * piety under Vehumet
  6081 | D:6      | Offered knowledge of Freeze by Vehumet.
  6082 | D:6      | Reached XP level 9. HP: 37/45 MP: 9/25
  6778 | D:6      | Reached skill level 11 in Spellcasting
  7465 | D:7      | Noticed Duvessa
  7469 | D:7      | Learned a level 2 spell: Blink
  7486 | D:7      | Noticed Dowan
  7489 | D:7      | Killed Duvessa
  7490 | D:7      | Reached skill level 10 in Conjurations
  7492 | D:7      | Killed Dowan
  7493 | D:7      | Noticed Pikel
  7682 | D:7      | Killed Pikel
  7698 | D:7      | Reached skill level 12 in Spellcasting
  8125 | D:7      | Found Muotaede's Weapon Emporium.
  8755 | D:8      | Noticed Maurice
  8777 | D:8      | HP: 1/45 [hornet (14)]
  8778 | D:8      | Killed Maurice
  8779 | D:8      | Reached XP level 10. HP: 2/50 MP: 6/28
  8913 | D:8      | Reached ** piety under Vehumet
  8913 | D:8      | Offered knowledge of Shock by Vehumet.
  9548 | D:8      | Shot with an arrow by a centaur

Illustrated notes

Levels and vault maps discovered:
D:1:      dpeg_arrival_simpleton_b, layout_basic,
          ebering_ecumenical_altar_sacrificial
D:2:      layout_rooms, basic_altar, lexackson_kobold_supper, uniq_jessica,
          uniq_robin
D:3:      corexii_shack_village, layout_basic, serial_glass, glass_columns_b,
          glass_columns_a, uniq_ijyb, uniq_natasha
D:4:      layout_gridville, vehumet_crystals, gammafunk_ghost_cemetery,
          corexii_mini_fake_secret_closet, minmay_shop_grid_forest,
          uniq_eustachio, uniq_blork_the_orc
D:5:      layout_basic, minmay_temple_entry_trees
D:6:      layout_basic
D:7:      layout_basic, serial_shops, shop, palyth_stone_intersect, uniq_pikel,
          uniq_duvessa
D:8:      layout_rooms, lemuel_doored_altar, centaur_isle, uniq_maurice

Skill      XL: |  1  2  3  4  5  6  7  8  9 |
---------------+----------------------------+-----
Spellcasting   | 4 5 6 7 8 10 12 | 12.8
Conjurations   | 5 6 8 9 11 | 11.3
Translocations | 1 3 4 6 |  6.0
Dodging        | |  2.4
Stealth        | |  2.4

Action                   |  1- 3 |  4- 6 |  7- 9 | 10-12 || total
-------------------------+-------+-------+-------+-------++-------
Melee: Staff             |       |       |     3 |       ||     3
 Cast: Magic Dart        |    50 |    91 |    91 |    26 ||   258
       Searing Ray       |     3 |    23 |    66 |    13 ||   105
       Iskenderun's Myst |       |       |    20 |     5 ||    25
  Use: Scroll            |       |     5 |     2 |       ||     7
Armor: Robe              |     2 |     3 |     2 |       ||     7
Dodge: Dodged            |     5 |     6 |    38 |     5 ||    54

Table legend: (Time is in decaauts)
 A = Elapsed time spent in this place.
 B = Non-inter-level travel time spent in this place.
 C = Inter-level travel time spent in this place.
 D = Time resting spent in this place.
 E = Time spent auto-exploring this place.
 F = Levels seen in this place.
 G = Mean time per level.
                   A        B        C        D        E       F      G
               +--------+--------+--------+--------+--------+-----+--------+
         Total |   9553 |   9313 |    240 |   1516 |   6716 |   8 | 1194.1 |
       Dungeon |   9553 |   9313 |    240 |   1516 |   6716 |   8 | 1194.1 |
               +--------+--------+--------+--------+--------+-----+--------+

Top non-repeatable levels by time:
     D:4: 1599 daAuts
     D:6: 1580 daAuts
     D:7: 1419 daAuts
     D:3: 1123 daAuts
     D:1: 1102 daAuts
     D:2: 1063 daAuts
     D:5: 1060 daAuts
     D:8: 605 daAuts
